 Dungeon Crawl Stone Soup version 0.28.0-53-g5a82cb258f (webtiles) character file.

Game seed: 650988579416338095

1238 Zeld the Thaumaturge (level 8, 0/41 HPs)
             Began as a Deep Elf Conjurer on May 24, 2022.
             Slain by a bullfrog (4 damage)
             ... on level 5 of the Dungeon.
             The game lasted 00:06:32 (7375 turns).

Zeld the Thaumaturge (Deep Elf Conjurer)            Turns: 7375, Time: 00:06:32

Health: 0/41       AC:  4    Str:  4    XL:     8   Next: 25%
Magic:  17/23      EV: 12    Int: 26    God:
Gold:   164        SH:  0    Dex: 13    Spells: 14/25 levels left

rFire   . . .      SeeInvis .   a - +4 quarterstaff (chaos)
rCold   . . .      Faith    .   (shield currently unavailable)
rNeg    . . .      Spirit   .   t - +0 robe
rPois   .          Reflect  .   g - +0 helmet
rElec   .          Harm     .   s - +0 cloak
rCorr   .          Rampage  .   (no gloves)
Will    .....                   (no boots)
Stlth   ++........              (no amulet)
HPRegen 0.13/turn               (no ring)
MPRegen 0.18/turn               (no ring)

@: no status effects
A: no striking features
a: no special abilities


You were on level 5 of the Dungeon.
You visited 1 branch of the dungeon, and saw 5 of its levels.

You collected 164 gold pieces.

Inventory:

Hand Weapons
 a - a +4 quarterstaff of chaos (weapon)
Armour
 g - a +0 helmet (worn)
 s - a +0 cloak (worn)
 t - a +0 robe (worn)
Jewellery
 l - a ring of protection from cold
Wands
 h - a wand of paralysis (9)
Scrolls
 b - a scroll of magic mapping
 e - a scroll of immolation {unknown}
 m - 2 scrolls of summoning
 r - a scroll of blinking
Potions
 c - 3 potions of curing {unknown}
 d - a potion of might {unknown}
 f - 2 potions of berserk rage {unknown}
 i - a potion of mutation {unknown}
 j - a potion of magic {unknown}
 k - 2 potions of haste {unknown}
 n - a potion of brilliance {unknown}
 q - a potion of degeneration {unknown}


   Skills:
 - Level 2.4 Dodging
 - Level 2.4 Stealth
 * Level 9.3 Spellcasting
 * Level 8.6 Conjurations
 - Level 2.0 Hexes
 - Level 2.0 Translocations


You had 14 spell levels left.
You knew the following spells:

 Your Spells              Type           Power      Damage    Failure   Level
a - Magic Dart            Conj           100%       1d8       1%          1
b - Searing Ray           Conj           100%       2d8       1%          2
c - Fulminant Prism       Conj/Hex       19%        3d11      5%          4
d - Iskenderun's Mystic   Conj/Tloc      39%        2d9       5%          4

Your spell library contained the following spells:

 Spells                   Type           Power      Damage    Failure   Level
 Dazzling Flash           Conj/Hex       78%        N/A       1%          3
 Stone Arrow              Conj/Erth      68%        3d11      2%          3
 Blink                    Tloc           44%        N/A       3%          2
 Sandblast                Erth           24%        2d8       4%          1
 Lesser Beckoning         Tloc           22%        N/A       6%          3
 Passwall                 Tmut/Erth      10%        N/A       8%          2
 Manifold Assault         Tloc           22%        N/A       52%         5


Dungeon Overview and Level Annotations

Branches:
Dungeon (5/15)
 Temple: D:4-7

Altars:
Gozag
Xom

Annotations:
D:5 Prince Ribbit


Message History

There are monsters nearby!
Casting: Magic Dart (safe; 1% risk of failure)
Confirm with . or Enter, or press ? or * to list all spells.
You can't see any susceptible monsters within range! (Use Z to cast anyway.) Prince Ribbit gives a loud, deep croak!
The bullfrog gives a loud, deep croak!
Casting: Magic Dart (safe; 1% risk of failure)
Confirm with . or Enter, or press ? or * to list all spells.
Aiming: Searing Ray (safe; 1% risk of failure)
Press: ? - help, Shift-Dir - straight line, f - Prince Ribbit
Aim: Prince Ribbit (70% to hit)
The searing ray hits Prince Ribbit!
Prince Ribbit is lightly wounded. (Press . to maintain the ray.) Unknown command.
Casting: Searing Ray (safe; 1% risk of failure)
Confirm with . or Enter, or press ? or * to list all spells.
Restarting spell: Searing Ray (safe; 1% risk of failure)
Press: ? - help, Shift-Dir - straight line, f/p - Prince Ribbit
Aim: Prince Ribbit (lightly wounded, 70% to hit)
The searing ray hits Prince Ribbit.
Prince Ribbit is moderately wounded. (Press . to maintain the ray.) Prince Ribbit completely misses you.
Prince Ribbit closely misses you.
The searing ray misses Prince Ribbit.
The bullfrog hits you but does no damage.
Prince Ribbit hits you. The bullfrog hits you.
The searing ray hits Prince Ribbit!
Prince Ribbit is heavily wounded.
Prince Ribbit hits you. The bullfrog misses you. Prince Ribbit hits you.
The searing ray hits Prince Ribbit!
Prince Ribbit is severely wounded.
You finish channelling your searing ray.
The bullfrog hits you. Prince Ribbit barely misses you. The bullfrog hits you!
* * * LOW HITPOINT WARNING * * *
Prince Ribbit blinks!
Prince Ribbit barely misses you. The bullfrog hits you.
* * * LOW HITPOINT WARNING * * *
Prince Ribbit blinks!
The bullfrog hits you.
You die...

............#.#
.....
............+.#
...
............###
............##
..........F..#
.........ยง...#
.......<...#
........##F#
........##@#
........##.#
........##..
###+#+#.##...
#......#
#.#....# #####


You could see Prince Ribbit and a bullfrog.

Vanquished Creatures
  Edmund (D:4)
  A sky beast (D:4)
  Duvessa (D:5)
  A necrophage (D:4)
  3 ogres
  Blork the orc (D:4)
  Dowan (D:5)
  A jelly (D:5)
  3 hounds
  A bullfrog skeleton (D:5)
  A gnoll shaman (D:4)
  Crazy Yiuf (D:4)
  Jessica (D:2)
  Ijyb (D:3)
  5 gnolls (D:4)
  7 adders
  An adder skeleton (D:4)
  3 dart slugs
  6 orcs
  7 ball pythons
  6 bats
  7 endoplasms
  5 giant cockroaches
  8 hobgoblins
  2 jackals (D:1)
  9 kobolds
  5 quokkas
  4 frilled lizards
  3 goblins
  6 rats
102 creatures vanquished.

Vanquished Creatures (others)
  2 demonic plants (D:2)
2 creatures vanquished.

Grand Total: 104 creatures vanquished

Notes
Turn   | Place    | Note
-------+----------+-------------------------------------------
     0 | D:1      | Zeld the Deep Elf Conjurer began the quest for the Orb.
     0 | D:1      | Reached XP level 1. HP: 10/10 MP: 6/6
   197 | D:1      | Reached XP level 2. HP: 15/15 MP: 6/8
   368 | D:1      | Reached skill level 1 in Hexes
   439 | D:1      | Reached skill level 1 in Translocations
   619 | D:1      | Learned a level 2 spell: Searing Ray
   942 | D:1      | Reached XP level 3. HP: 19/19 MP: 7/10
  1670 | D:2      | Identified the +1 hunting sling of Bodily Humours {venom,
                  | Fragile rF- rN+ Str+8}
  1810 | D:2      | Noticed Jessica
  1813 | D:2      | Killed Jessica
  1814 | D:2      | Reached skill level 4 in Spellcasting
  1814 | D:2      | Reached skill level 5 in Conjurations
  1814 | D:2      | Reached XP level 4. HP: 24/24 MP: 9/12
  1822 | D:2      | Learned a level 4 spell: Fulminant Prism
  1827 | D:2      | Learned a level 4 spell: Iskenderun's Mystic Blast
  1850 | D:2      | Found a faded altar of an unknown god.
  1850 | D:2      | Noticed a smoke demon
  2557 | D:3      | Found an opulent altar of Gozag.
  2581 | D:3      | Noticed Ijyb
  2585 | D:3      | Paralysed by Ijyb for 3 turns
  2591 | D:3      | Killed Ijyb
  2592 | D:3      | Reached XP level 5. HP: 9/28 MP: 3/14
  2991 | D:3      | Reached skill level 5 in Spellcasting
  3642 | D:3      | Noticed an ogre
  3648 | D:3      | Killed an ogre
  3778 | D:4      | Noticed a necrophage
  3786 | D:4      | Killed a necrophage
  3787 | D:4      | Reached skill level 6 in Spellcasting
  3787 | D:4      | Reached XP level 6. HP: 22/32 MP: 9/17
  3814 | D:4      | Noticed a sky beast
  3827 | D:4      | Killed a sky beast
  4380 | D:4      | Reached skill level 7 in Spellcasting
  4380 | D:4      | Reached XP level 7. HP: 36/36 MP: 13/19
  4755 | D:4      | Found a shimmering altar of Xom.
  4826 | D:4      | Noticed Blork the orc
  4833 | D:4      | Killed Blork the orc
  4962 | D:4      | Found a runed translucent door.
  4963 | D:4      | Noticed Crazy Yiuf
  5349 | D:4      | Killed Crazy Yiuf
  5654 | D:5      | Entered Level 5 of the Dungeon
  5664 | D:5      | Reached skill level 8 in Spellcasting
  5804 | D:5      | Noticed Duvessa
  5804 | D:5      | Noticed Dowan
  5830 | D:5      | Killed Duvessa
  5831 | D:5      | Reached XP level 8. HP: 24/41 MP: 8/22
  5836 | D:5      | Killed Dowan
  6219 | D:5      | Reached skill level 9 in Spellcasting
  6283 | D:5      | Noticed Edmund
  6632 | D:4      | Found a shimmering altar of Xom.
  7075 | D:4      | Killed Edmund
  7363 | D:5      | Noticed Prince Ribbit
  7375 | D:5      | Slain by a bullfrog

Illustrated notes

Levels and vault maps discovered:
D:1:      lightli_arrival_windingriver, layout_loops_corners
D:2:      layout_rooms, dreamdust_ecumenical_altar_sealed_demon, uniq_jessica
D:3:      layout_basic, grunt_gozag_breadcrumbs, uniq_ijyb
D:4:      layout_loops_cross, lemuel_crystal_altar,
          kennysheep_opposing_triangles, uniq_blork_the_orc,
          uniq_crazy_yiuf_cottage
D:5:      layout_basic, uniq_duvessa, uniq_edmund, uniq_prince_ribbit1

Skill      XL: |  1  2  3  4  5  6  7  8 |
---------------+-------------------------+-----
Hexes          | 1 2 |  2.0
Translocations | 1 2 |  2.0
Spellcasting   | 4 6 7 8 9 |  9.3
Conjurations   | 5 6 7 8 |  8.6
Dodging        | |  2.4
Stealth        | |  2.4

Action                   |  1- 3 |  4- 6 |  7- 9 || total
-------------------------+-------+-------+-------++-------
Melee: Unarmed           |    10 |     3 |       ||    13
 Cast: Magic Dart        |    34 |     7 |     7 ||    48
       Searing Ray       |    18 |    40 |    32 ||    90
       Iskenderun's Myst |       |       |     6 ||     6
  Use: Scroll            |       |       |     5 ||     5
 Stab: Sleeping          |     2 |       |       ||     2
Armor: Robe              |     8 |     6 |     9 ||    23
Dodge: Dodged            |    23 |    25 |    25 ||    73
